AoeStats
← s m i f f y

Pilgrims

509641545Analyzed
2v2 RM · 5d ago on Sep 27, 2026· 29m 34s· 4 players
Game mode
Random Map
Map size
Medium (4 player)
Population
200
Speed
Normal
Resources
Standard
Victory
Conquest
Starting age
Dark Age
Ending age
Imperial Age
RankedLock teamsTeams togetherTeam positionsShared explorationLock speedFull tech treeHidden civsTurbo modeCheats
Victory
Defeat
🇸🇪 Danes · Sweden
1198
+14
🇬🇧 Vikings · United Kingdom
1174
+14
🇹🇼 Saracens · Taiwan
1144
-14
🇲🇾 Spanish · Malaysia
1144
-14
s m i f f y
7:45 Loom
11:10 Feudal Age
22:10 Castle Age
23:33 Fishing Lines
25:31 Double-Bit Axe
27:13 Bow Saw
27:21 Town Watch
28:00 Gillnets
29:08 Fletching
29:19 Padded Archer Armor
MehTy
8:10 Loom
10:56 Feudal Age
19:50 Castle Age
19:58 Fishing Lines
22:14 Double-Bit Axe
25:43 Imperial Age
23:38 Gillnets
26:14 Onager
SaDz
5:17 Loom
10:34 Feudal Age
11:31 Double-Bit Axe
15:48 Castle Age
18:45 Fletching
19:05 Padded Archer Armor
SaDz
10:19 Loom
12:35 Feudal Age
14:22 Wheelbarrow
16:45 Castle Age
14:44 Fletching
18:40 Hand Cart
19:04 Horse Collar
19:18 Gold Mining
19:34 Double-Bit Axe
21:59 Bow Saw
23:32 Heavy Plow
30:59 Imperial Age
29:00 Ballistics
28:52 Stone Mining
29:59 Masonry
29:58 Padded Archer Armor
30:04 Scale Barding Armor
Connection lost

Rejoining the realm…

Still unreachable

The connection could not be restored.

Session expired

The server has moved on; the page needs a fresh start.